 Dungeon Crawl Stone Soup version 0.28-a0-535-g6f645e4c1d (webtiles) character file.

Game seed: 12724289157711811730

2964 Shayle the Skirmisher (level 10, -3/75 HPs)
             Began as a Djinni Warper on Sept 26, 2021.
             Was a Believer of Makhleb.
             Slain by a wolf (9 damage)
             ... on level 7 of the Dungeon on Sept 27, 2021.
             The game lasted 00:27:47 (10926 turns).

Shayle the Skirmisher (Djinni Warper)              Turns: 10926, Time: 00:27:47

Health: -3/75      AC:  1    Str: 10    XL:     10   Next: 8%
Gold:   343        EV: 12    Int: 19    God:    Makhleb [**....] SH:  0 Dex: 12

rFire   + + .      SeeInvis .   q - +4 morningstar (venom)
rCold   x . .      Faith    .   (no shield)
rNeg    . . .      Spirit   .   (no armour)
rPois   ∞          Reflect  .   (no helmet)
rElec   .          Harm     .   h - scarf {repulsion}
rCorr   .          Rampage  .   t - +0 pair of gloves
Will    +....                   (boots unavailable)
Stlth   +.........              (no amulet)
HPRegen 0.22/turn               (no ring)
MPRegen 0.00/turn               (no ring)

@: flying, repel missiles
A: sickness immunity, fire resistance 2, cold vulnerability 1, float, innate
caster, hp casting, extra vitality 1
a: Renounce Religion, Minor Destruction


You were on level 7 of the Dungeon.
You worshipped Makhleb.
Makhleb was pleased with you.
You visited 2 branches of the dungeon, and saw 9 of its levels.
You also visited: Sewer.

You collected 343 gold pieces.

Inventory:

Hand Weapons
 e - a +2 dagger of protection
 l - a +1 dagger of venom
 m - a +2 short sword of flaming
 q - a +4 morningstar of venom (weapon)
 s - a +2 spear of freezing
 u - a +0 demon whip of venom
Missiles
 o - 14 boomerangs (quivered)
Armour
 a - a +0 leather armour
 h - a scarf of repulsion (worn)
 p - a +2 troll leather armour
 t - a +0 pair of gloves (worn)
Jewellery
 k - a +4 ring of protection
Wands
 n - a wand of acid (3)
Scrolls
 b - a scroll of identify
 j - 3 scrolls of magic mapping
Potions
 c - a potion of cancellation
 d - 2 potions of attraction
 f - a potion of flight
 g - a potion of haste
 i - a potion of resistance
 r - a potion of brilliance


   Skills:
 + Level 7.2 Fighting
 - Level 0.7 Throwing
 - Level 1.0 Armour
 - Level 2.1 Dodging
 + Level 7.2 Unarmed Combat
 + Level 5.8 Spellcasting
 + Level 5.5 Invocations


You couldn't memorise any spells.
You knew the following spells:

 Your Spells              Type           Power      Damage    Failure   Level
a - Blink                 Tloc           N/A        N/A       1%          2
b - Lesser Beckoning      Tloc           27%        N/A       3%          3
c - Gell's Gravitas       Tloc           13%        N/A       3%          3
d - Teleport Other        Tloc           27%        N/A       3%          3
e - Manifold Assault      Tloc           27%        N/A       28%         5
f - Sting                 Tmut/Pois      100%       1d8       1%          1
g - Scorch                Fire           54%        2d7       1%          2
h - Tukima's Dance        Hex            27%        N/A       3%          3
i - Swiftness             Air            27%        N/A       3%          3
Your spell library was empty.

Dungeon Overview and Level Annotations

Branches:
Dungeon (8/15)             Temple (1/1) D:4           Sewer (visited)
   Lair: D:8-11

Altars:
Ashenzari
Cheibriados
Fedhas
Gozag
Hepliaklqana
Makhleb
Nemelex Xobeh
Okawaru
Qazlal
Trog
Uskayaw
Wu Jian
Xom
Yredelemnul

Shops:
D:1 !

Annotations:
D:2 1 runed translucent door, Crazy Yiuf


Innate Abilities, Weirdness & Mutations

You are immune to sickness and miasma.
You are immune to poison.
Your flesh is very heat resistant. (rF++)
You are vulnerable to cold. (rC-)
You float through the air rather than walking.
You learn spells naturally, not from books.
Your magical power is your life essence.
You have superior vitality. (+4 HP)


Message History

* * * LOW HITPOINT WARNING * * *
Casting: Sting (safe; 1% risk of failure)
Confirm with . or Enter, or press ? or * to list all spells.
You blink.
* * * LOW HITPOINT WARNING * * *
Aiming: Corrosive Bolt
Press: ? - help, Shift-Dir - straight line, f/p - wolf
Aim: a wolf (moderately wounded, poisoned, 53% to hit)
The bolt of acid misses the wolf.
Aiming: Corrosive Bolt
Press: ? - help, Shift-Dir - straight line, f/p - wolf
Aim: a wolf (heavily wounded, poisoned, 53% to hit)
The bolt of acid misses the wolf.
The wolf bites you.
* * * LOW HITPOINT WARNING * * *
Unknown command.
Aiming: Corrosive Bolt
Press: ? - help, Shift-Dir - straight line, f/p - wolf
Aim: a wolf (heavily wounded, poisoned, 53% to hit)
The bolt of acid misses the wolf.
The wolf closely misses you. The wolf bites you.
* * * LOW HITPOINT WARNING * * *
Unknown command.
Aiming: Corrosive Bolt
Press: ? - help, Shift-Dir - straight line, f/p - wolf
Aim: a wolf (heavily wounded, poisoned, 53% to hit)
The bolt of acid hits the wolf!
The acid corrodes the wolf!
The wolf is almost dead.
The wolf bites you!
* * * LOW HITPOINT WARNING * * *
The wolf completely misses you.
Aiming: Corrosive Bolt
Press: ? - help, Shift-Dir - straight line, f/p - wolf
Aim: a wolf (almost dead, poisoned, covered in acid, 53% to hit)
The bolt of acid misses the wolf.
The wolf barely misses you.
Aiming: Corrosive Bolt
Press: ? - help, Shift-Dir - straight line, f/p - wolf
Aim: a wolf (almost dead, poisoned, covered in acid, 53% to hit)
The bolt of acid misses the wolf.
The wolf looks more healthy.
The wolf bites you!
You die...

#...#.........
#.........(...
#.............
##...##........
##..).# ##.....
###...######....#.
#......# #.....##.
#......###.....#..
###@h....#......##.#
#.......>....>.#.._.
#................#.#
#...................
##.................#
....................
##.#####...##.......
#. ###..#.##..#####
# #§....[.(.## #


You could see a wolf (corroded).

Vanquished Creatures
  A troll (D:8)
  Grinder (D:6)
  Menkaure (D:6)
  2 water moccasins
  Duvessa (D:5)
  An ice beast (D:5)
  A sky beast (D:5)
  3 wolves (D:8)
  A phantom (D:5)
  A gnoll sergeant (D:5)
  4 bullfrogs
  A wyvern zombie (D:8)
  4 scorpions
  Dowan (D:5)
  3 howler monkeys
  2 jellies
  2 centaur zombies
  A bullfrog zombie (D:6)
  3 hounds
  A centaur skeleton (D:6)
  3 iguanas (D:5)
  6 orc wizards
  A hound zombie (D:5)
  10 adders
  A gnoll (D:7)
  An ufetubus (D:4)
  2 adder skeletons
  7 worms
  4 dart slugs
  15 orcs
  4 bats
  5 endoplasms
  10 giant cockroaches
  7 goblins
  4 hobgoblins
  5 jackals
  4 quokkas
  4 ball pythons
  8 frilled lizards
  7 kobolds
  13 rats
156 creatures vanquished.

Vanquished Creatures (collateral kills)
  A centaur zombie (D:8)
  A hound (D:8)
  A killer bee zombie (D:8)
  A gnoll (D:8)
4 creatures vanquished.

Grand Total: 160 creatures vanquished

Notes
Turn   | Place    | Note
-------+----------+-------------------------------------------
     0 | D:1      | Shayle the Djinni Warper began the quest for the Orb.
     0 | D:1      | Reached XP level 1. HP: 18/18 MP: 0/0
   334 | D:1      | Reached XP level 2. HP: 14/23 MP: 0/0
   662 | D:1      | Found Cailiunn's Distillery.
  1354 | D:1      | Reached XP level 3. HP: 29/29 MP: 0/0
  1354 | D:1      | Learned a level 1 spell: Sting
  1467 | D:2      | Found a faded altar of an unknown god.
  1956 | D:2      | Reached XP level 4. HP: 32/34 MP: 0/0
  2083 | D:2      | Found a runed translucent door.
  2084 | D:2      | Noticed Crazy Yiuf
  2744 | D:3      | Found a glowing drain.
  2767 | D:3      | Reached XP level 5. HP: 15/40 MP: 0/0
  2767 | D:3      | Learned a level 2 spell: Scorch
  2782 | Sewer    | Entered a sewer
  3346 | Sewer    | Noticed a bullfrog
  3346 | Sewer    | Noticed a bullfrog
  3352 | Sewer    | Killed a bullfrog
  3353 | Sewer    | Reached XP level 6. HP: 38/47 MP: 0/0
  4305 | D:4      | Found a staircase to the Ecumenical Temple.
  4313 | Temple   | Entered the Ecumenical Temple
  4365 | Temple   | Became a worshipper of Makhleb the Destroyer
  4589 | D:4      | Reached XP level 7. HP: 34/52 MP: 0/0
  4589 | D:4      | Learned a level 3 spell: Tukima's Dance
  5042 | D:4      | Found a snail-covered altar of Cheibriados.
  5384 | D:5      | Entered Level 5 of the Dungeon
  5926 | D:5      | Reached skill level 1 in Invocations
  6690 | D:5      | Noticed Duvessa
  6692 | D:5      | Noticed Dowan
  6705 | D:5      | Killed Duvessa
  6706 | D:5      | Reached skill level 5 in Fighting
  6706 | D:5      | Reached skill level 5 in Unarmed Combat
  6706 | D:5      | Reached XP level 8. HP: 7/59 MP: 0/0
  7444 | D:5      | Reached * piety under Makhleb
  7544 | D:5      | Killed Dowan
  8258 | D:6      | Noticed Menkaure
  8366 | D:5      | Reached XP level 9. HP: 58/66 MP: 0/0
  8366 | D:5      | Learned a level 3 spell: Swiftness
  8596 | D:6      | Killed Menkaure
  8597 | D:6      | Reached skill level 5 in Spellcasting
  8955 | D:6      | Noticed Grinder
  9506 | D:6      | Killed Grinder
  9645 | D:7      | Found a broken altar of Ashenzari.
  9713 | D:8      | Noticed a troll
  9729 | D:8      | Killed a troll
 10042 | D:8      | Reached skill level 5 in Invocations
 10275 | D:7      | Noticed a green ugly thing
 10291 | D:8      | Reached ** piety under Makhleb
 10621 | D:8      | Reached XP level 10. HP: 32/75 MP: 0/0
 10908 | D:8      | Noticed a two-headed ogre
 10926 | D:7      | Slain by a wolf

Illustrated notes

Levels and vault maps discovered:
D:1:      dpeg_arrival_simpleton_b, layout_basic, serial_shops, shop,
          minivault_5, eino_curves_02
D:2:      layout_basic, hellmonk_ecumenical_altar_run_dry, chequers_garden,
          minmay_misc_feat_x, uniq_crazy_yiuf_cottage
D:3:      layout_loops_ring, gup_sewer_entry_glass, grunt_ministairs_6
D:4:      layout_basic, cheibrodos_worm_habitat, minmay_temple_entry_statues
D:5:      layout_loops_cross, minmay_fractal_squares_gapless_5, uniq_duvessa
D:6:      layout_cave_pools, uniq_grinder, uniq_menkaure
D:7:      layout_rooms, nicolae_dithmenos_through_a_glass_darkly,
          nicolae_overflow_crystal_walls, lemuel_crystal_altar,
          chequers_temple_overflow_statue_of_worship,
          mainiacjoe_overflow_alcove_4
D:8:      minmay_four_partial_circles, layout_rooms, erik_lair_island
Temple:   nicolae_temple_hex_pool

Skill      XL: |  1  2  3  4  5  6  7  8  9 |
---------------+----------------------------+-----
Unarmed Combat | 3 4 5 7 |  7.2
Spellcasting   | 3 4 5 |  5.8
Fighting       | 3 4 5 7 |  7.2
Invocations    | 2 3 5 |  5.5
Throwing       | |  0.7
Armour         | |  1.0
Dodging        | |  2.1

Action                   |  1- 3 |  4- 6 |  7- 9 | 10-12 || total
-------------------------+-------+-------+-------+-------++-------
Melee: Unarmed           |   114 |       |       |       ||   114
       Punch             |     2 |     1 |     2 |       ||     5
       Dagger            |    19 |    88 |    79 |       ||   186
       Morningstar       |       |       |    21 |     3 ||    24
Throw: Boomerang         |     1 |     2 |     2 |       ||     5
 Cast: Scorch            |       |    43 |   118 |     3 ||   164
       Sting             |       |       |    25 |     2 ||    27
       Blink             |       |       |     7 |     2 ||     9
       Teleport Other    |       |       |     2 |       ||     2
Evoke: Wand              |       |       |     3 |     6 ||     9
  Use: Scroll            |     1 |       |    20 |       ||    21
       Potion            |       |       |     8 |       ||     8
Armor: Leather armour    |    26 |    17 |    55 |       ||    98
       Skin              |       |       |     1 |       ||     1
Dodge: Dodged            |    77 |    68 |   138 |    11 ||   294
       Repelled          |     3 |       |     2 |       ||     5

Table legend: (Time is in decaauts)
 A = Elapsed time spent in this place.
 B = Non-inter-level travel time spent in this place.
 C = Inter-level travel time spent in this place.
 D = Time resting spent in this place.
 E = Time spent auto-exploring this place.
 F = Levels seen in this place.
 G = Mean time per level.
                   A        B        C        D        E       F      G
               +--------+--------+--------+--------+--------+-----+--------+
         Total |  10923 |  10678 |    245 |   3186 |   5447 |  10 | 1092.3 |
       Dungeon |  10151 |   9906 |    245 |   2908 |   5144 |   8 | 1268.9 |
        Temple |     71 |     71 |      0 |      0 |     39 |   1 |   71.0 |
         Sewer |    700 |    700 |      0 |    278 |    264 |   1 |  700.0 |
               +--------+--------+--------+--------+--------+-----+--------+

Top non-repeatable levels by time:
     D:5: 2862 daAuts
     D:4: 1719 daAuts
     D:1: 1423 daAuts
     D:8: 1153 daAuts
     D:3: 1057 daAuts
     D:2: 962 daAuts
     D:6: 825 daAuts
   Sewer: 700 daAuts
     D:7: 146 daAuts
  Temple: 71 daAuts
